Map: Abyssal Reef LE

Players

Dark

  • Race: Zerg Zerg
  • League: Grandmaster
  • Spawn Location: 11:00

INnoVation - Winner!

  • Race: Terran Terran
  • League: Grandmaster
  • Spawn Location: 5:00

Event: Polygon Gaming Invitational #10

VOD

https://www.youtube.com/watch?v=kTYw0pV-VqI&list=PL9QsjkBYtQM4FOph0oThEnvgqxfCQmaLv

Description

This game opens fairly atypically, even for Abyssal Reef, with Dark employing a fast pool-gas build against his Terran opponent. This is not a choice we typically see, but is very typical for Dark in his matches against INnoVation. Unfortunately he ends up trading a small group of speedlings for nothing at all very early on, opening him up for a huge hellion run-by that barbecues a large number of drones. Will the economic damage be enough, or did INnoVation sacrifice too much map control for too little gain? Find out with NoveaStar and Seeker in this exciting game!

Time

  • Played on: March 29, 2017, 11:19 p.m.
  • Length: 6:47

All games in this series

Show
View Real Time Build Order
Export as new Build Order

Dark Zerg 

Build Orders: Pool First 

Get SALT Encoding   

  12  0:01  Drone  
  13  0:13  Overlord  
  13  0:17  Drone  
  14  0:32  Drone x2  
  16  0:36  Drone  
  17  0:46  Extractor  
  17  0:48  Drone  
  17  0:51  Spawning Pool  
  17  0:56  Drone  
  17  1:09  Drone  
  18  1:19  Hatchery  
  18  1:23  Drone  
  18  1:30  Drone  
  19  1:38  Queen  
  21  1:41  Zergling x2  
  22  1:47  Metabolic Boost  
  22  1:55  Overlord  
  22  2:13  Queen  
  22  2:14  Drone x2  
  26  2:25  Drone  
  27  2:33  Queen  
  27  2:35  Drone  
  30  2:45  Drone x2  
  30  2:48  Overlord  
  30  2:49  Drone  
  32  2:52  Drone x2  
  32  2:58  Overlord  
  34  3:01  Pneumatized Carapace  
  34  3:03  Zergling x4  
  36  3:11  Zergling x2  
  37  3:15  Drone  
  38  3:25  Drone  
  38  3:26  Drone x6  
  45  3:30  Drone  
  46  3:40  Queen  
  48  3:44  Hatchery  
  47  3:49  Drone x2  
  47  3:50  Roach Warren  
  47  3:53  Overlord  
  47  3:55  Zergling x2  
  49  4:00  Zergling x4  
  50  4:08  Extractor x2  
  50  4:09  Drone  
  48  4:10  Drone x2  
  48  4:11  Evolution Chamber, Drone  
  48  4:12  Drone  
  48  4:14  Zergling x2  
  51  4:32  Roach x4  
  51  4:34  Overlord  
  51  4:35  Overlord x2  
  59  4:40  Overlord  
  59  4:45  Roach  
  60  4:48  Roach  
  56  4:56  Zergling x2  
  56  4:57  Zergling x8  
  52  5:04  Roach x2  
  52  5:05  Roach  
  58  5:09  Ravager  
  58  5:11  Roach  
  58  5:12  Zergling x2  
  62  5:20  Roach x2  
  66  5:28  Roach  
  68  5:29  Roach  
  68  5:35  Ravager  
  71  5:37  Zergling x2  
  71  5:38  Zergling x2  
  71  5:42  Ravager  
  74  5:47  Zergling x4  
  74  5:55  Ravager  
  66  6:13  Zergling x2  
  66  6:16  Roach, Ravager x3  
  66  6:17  Overlord, Zergling x4  
  66  6:18  Zergling x8  
  67  6:27  Ravager  
Show
View Real Time Build Order
Export as new Build Order

INnoVation Terran - Winner!

Build Orders: Reaper Expand, Hellion Banshee 

Get SALT Encoding   

  12  0:00  SCV  
  13  0:12  SCV  
  14  0:17  Supply Depot  
  14  0:25  SCV  
  15  0:28  Refinery  
  15  0:38  SCV  
  16  0:44  Barracks  
  16  0:50  SCV  
  17  1:02  SCV  
  18  1:15  SCV  
  19  1:30  Orbital Command  
  19  1:31  Reaper  
  20  1:42  Command Center  
  20  1:54  Factory  
  20  1:56  SCV  
  21  2:05  Barracks Reactor  
  22  2:08  SCV  
  22  2:09  Refinery  
  22  2:13  Supply Depot  
  22  2:20  SCV  
  23  2:35  SCV  
  24  2:39  Starport  
  24  2:47  SCV  
  25  2:52  Hellion x2  
  25  2:55  Orbital Command  
  29  2:59  SCV  
  29  3:00  Barracks Tech Lab  
  30  3:11  SCV  
  31  3:14  Hellion x2  
  35  3:21  SCV  
  35  3:23  SCV  
  35  3:24  Banshee  
  40  3:33  Supply Depot  
  39  3:34  SCV  
  39  3:35  SCV  
  39  3:37  Hellion  
  39  3:39  Hellion  
  45  3:42  Barracks Tech Lab  
  45  3:46  SCV  
  46  3:54  SCV  
  46  3:55  Supply Depot  
  47  4:00  SCV  
  48  4:06  Stimpack, SCV, Marine  
  48  4:07  Viking  
  52  4:12  SCV  
  53  4:18  SCV  
  53  4:22  Command Center  
  54  4:24  SCV  
  54  4:29  Factory Reactor  
  55  4:33  Barracks  
  55  4:36  SCV x2  
  55  4:38  Barracks  
  57  4:39  Marine  
  58  4:49  Engineering Bay  
  58  4:50  Engineering Bay  
  56  4:54  SCV  
  56  4:55  SCV  
  56  4:59  Marine  
  51  5:06  Bunker  
  51  5:07  SCV x2  
  50  5:09  Starport Reactor  
  50  5:12  Refinery x2  
  51  5:17  Marine  
  51  5:19  SCV x2  
  54  5:21  Marine x2  
  56  5:31  SCV x2  
  56  5:34  Orbital Command  
  58  5:37  Marine x3  
  58  5:39  Marine x2  
  58  5:40  Siege Tank  
  66  5:43  SCV x2  
  66  5:47  Supply Depot  
  68  5:51  Medivac  
  68  5:52  Medivac  
  68  5:55  Marine x3  
  75  6:09  Marine x2  
  73  6:11  SCV x2  
  73  6:12  Siege Tank  
  73  6:13  Marine x3  
  81  6:22  Supply Depot  
  81  6:23  Supply Depot  
Tags
 
Add a new tag
Caveats
  • Supply blocks, unpowered buildings, or Contaminate may cause inaccurate times.
  • Supply counts are checked every 10 seconds.